 Dungeon Crawl Stone Soup version 0.29-a0-221-gceb61267dd (webtiles) character file.

Game seed: 9285825290150477725

6 n8rtot the Chiller (level 1, -1/13 HPs)
             Began as a Barachi Ice Elementalist on Feb 27, 2022.
             Frozen to death by an endoplasm (5 damage)
             ... on level 1 of the Dungeon.
             The game lasted 00:05:21 (215 turns).

n8rtot the Chiller (Barachi Ice Elementalist)        Turns: 215, Time: 00:05:21

Health: -1/13      AC:  2    Str:  9    XL:     1   Next: 90%
Magic:  3/3        EV: 12    Int: 15    God:
Gold:   28         SH:  0    Dex: 12    Spells: 3/4 levels left

rFire   . . .      SeeInvis .   (no weapon)
rCold   . . .      Faith    .   (no shield)
rNeg    . . .      Spirit   .   a - +0 robe
rPois   .          Reflect  .   (no helmet)
rElec   .          Harm     .   (no cloak)
rCorr   .          Rampage  .   (no gloves)
Will    .....                   (no boots)
Stlth   ++........              (no amulet)
HPRegen 0.04/turn               (no ring)
MPRegen 0.08/turn               (no ring)

@: slow
A: amphibious, slowness 1, strong legs 1, +LOS
a: Hop


You were on level 1 of the Dungeon.
You visited 1 branch of the dungeon, and saw 1 of its levels.

You collected 28 gold pieces.

Inventory:

Hand Weapons
 c - a +0 long sword
 d - a +0 mace
Armour
 a - a +0 robe (worn)
 e - a +0 ring mail
 q - a +0 leather armour


   Skills:
 + Level 2.2 Dodging
 + Level 1.7 Stealth
 + Level 2.2 Spellcasting
 + Level 5.1 Ice Magic


You had 3 spell levels left.
You knew the following spells:

 Your Spells              Type           Power      Damage    Failure   Level
a - Freeze                Ice            68%        1d8       2%          1

Your spell library contained the following spells:

 Spells                   Type           Power      Damage    Failure   Level
 Frozen Ramparts          Ice            34%        1d5       8%          3
 Ozocubu's Armour         Ice            17%        N/A       8%          3
 Hailstorm                Conj/Ice       9%         3d4       58%         4


Dungeon Overview and Level Annotations

Branches:
Dungeon (1/15)

Altars:


Innate Abilities, Weirdness & Mutations

You are amphibious.
You cover ground slowly.
You can hop short distances.
You have an extended range of vision and can be seen from far away.


Message History

The kobold shouts!
The kobold throws a stone.
The stone closely misses you.
The kobold throws a stone.
The stone hits you but does no damage.
The kobold throws a stone.
The stone barely misses you.
The kobold throws a stone.
The stone closely misses you.
The kobold hits you with a +0 short sword.
You freeze the kobold.
You kill the kobold!
Things that are here:
a +0 short sword; 2 stones A hobgoblin comes into view.
The hobgoblin shouts!
An endoplasm comes into view.
The endoplasm moves out of view.
A kobold comes into view. It is wielding a +0 short sword.
The hobgoblin hits you.
You freeze the hobgoblin!
You kill the hobgoblin!
You see here a hobgoblin corpse.
The kobold hits you with a +0 short sword.
The kobold barely misses you.
You freeze the kobold.
You kill the kobold!
Things that are here:
a +0 short sword; a kobold corpse
Found a stone staircase leading down.
Found 11 gold pieces.
A quokka comes into view.
Found a fuming grey potion.
The endoplasm quivers.
You see here 11 gold pieces.
Found a club.
The endoplasm freezes you.
You are frozen.
You are too injured to fight recklessly!
The endoplasm freezes you.
You are frozen.
The endoplasm freezes you.
You are frozen.
You die...

.#.# #.#.#.# . .#.#########
#.#.#.###.. .#.......).#
#.#.# . ..# .#########.#
#.#.# ###.# ## #.#
#.#.####..## ).. #.#
#.#.#......# #.# #.#
#.#........###..#
####.#####......!........##
#.........@J........#......
#.##.#######..........# #
#....# ######.###.# ####.#
######.###.#
##.#####.###..........$#
...................>...#
##.#####.###.#######..##
#.###.### # #..#
#.##...##.###..#


You could see an endoplasm.

Vanquished Creatures
  2 ball pythons (D:1)
  A hobgoblin (D:1)
  A bat (D:1)
  2 kobolds (D:1)
6 creatures vanquished.

Notes
Turn   | Place    | Note
-------+----------+-------------------------------------------
     0 | D:1      | n8rtot the Barachi Ice Elementalist began the quest for the
                  | Orb.
     0 | D:1      | Reached XP level 1. HP: 13/13 MP: 3/3
   105 | D:1      | Reached skill level 5 in Ice Magic
   215 | D:1      | Frozen to death by an endoplasm

Illustrated notes

Levels and vault maps discovered:
D:1:      beargit_arrival_greenhouse, layout_loops_ring,
          hellmonk_ecumenical_altar_watching_god

Skill      XL: |  1 |
---------------+----+-----
Ice Magic      | 5 |  5.1
Dodging        | |  2.2
Stealth        | |  1.7
Spellcasting   | |  2.2

Action                   || total
-------------------------++-------
 Cast: Freeze            ||     7
Armor: Robe              ||     1
Dodge: Dodged            ||     7

Table legend: (Time is in decaauts)
 A = Elapsed time spent in this place.
 B = Non-inter-level travel time spent in this place.
 C = Inter-level travel time spent in this place.
 D = Time resting spent in this place.
 E = Time spent auto-exploring this place.
 F = Levels seen in this place.
 G = Mean time per level.
                   A        B        C        D        E       F      G
               +--------+--------+--------+--------+--------+-----+--------+
         Total |    255 |    255 |      0 |      0 |      0 |   1 |  255.0 |
       Dungeon |    255 |    255 |      0 |      0 |      0 |   1 |  255.0 |
               +--------+--------+--------+--------+--------+-----+--------+

Top non-repeatable levels by time:
     D:1: 255 daAuts
